[Event "*** SCC Grand Prix: Titled Tuesday Blitz"]
[Site "Chess.com"]
[Date "2020.10.06"]
[Round "1"]
[White "Fh2411"]
[Black "Kaponov"]
[Result "1-0"]
[WhiteElo "2535"]
[BlackElo "2186"]
[TimeControl "180+1"]
[EndTime "10:05:49 PDT"]
[Termination "Fh2411 won on time"]

1. d4 Nf6 2. Nf3 g6 3. c4 Bg7 4. Nc3 O-O 5. e4 d6 6. h3 e5 7.
Be3 Nc6 8. d5 Ne7 9. c5 Ne8 10.
Bb5 c6 11. dxc6 bxc6 12. Bc4 Qc7 13. O-O Bb7 14. cxd6 Nxd6 15. Bb3 Nb5 16. Rc1 Nd4 17. Nxd4 exd4 18. Bxd4 Rfd8 19. Nd5 Nxd5 20. exd5 Bxd4 21. Qxd4 Qa5 22. Qf4 cxd5 23. Rc7 1-0

[Event "*** SCC Grand Prix: Titled Tuesday Blitz"]
[Site "Chess.com"]
[Date "2020.10.06"]
[Round "1"]
[White "sorito"]
[Black "PSvidler"]
[Result "0-1"]
[WhiteElo "2453"]
[BlackElo "2898"]
[TimeControl "180+1"]
[EndTime "10:05:51 PDT"]
[Termination "PSvidler won on time"]

1. d4 Nf6 2. Bf4 g6 3. e3 Bg7 4.
h3 O-O 5. Nf3 c5 6. c3 d6 7.
Nbd2 b6 8. Bh2 Bb7 9. Be2 Nbd7 10. O-O a6 11. a4 Bc6 12. b4 cxd4 13. cxd4 Qc7 14. b5 axb5 15. axb5 Bd5 16. Ra6 Ne4 17. Nxe4 Bxe4 18. Qa1 Qc2 19. Qd1 Qb2 20. Bd3 Bb7 21.
Rxa8 Rxa8 22. Qc1 Qxc1 23. Rxc1 Nf6 24. Rc7 Ra1+ 25. Bf1 Be4 26. Rxe7 Bd3 27. Nd2 Bf8 28.
Rc7 Ne4 29. Rc8 Kg7 30. Bf4 Nxd2 0-1

[Event "*** SCC Grand Prix: Titled Tuesday Blitz"]
[Site "Chess.com"]
[Date "2020.10.06"]
[Round "1"]
[White "ErikRonka"]
[Black "jefferyx"]
[Result "0-1"]
[WhiteElo "2453"]
[BlackElo "2896"]
[TimeControl "180+1"]
[EndTime "10:05:55 PDT"]
[Termination "jefferyx won on time"]

1. e4 c5 2. Nf3 Nc6 3. d4 cxd4 4. Nxd4 e6 5. Nb5 d6 6. Bf4 e5 7. Be3 a6 8. N5c3 Be6 9. Nd2 Nge7 10. Nc4 Nc8 11. a4 Be7 12. Be2 O-O 13. O-O Bg5 14. Qd2 Bxe3 15. Qxe3 Nd4 16. Rfc1 Nb6 17. Nxb6 Qxb6 18. b3 Rac8 19. Nd5 Bxd5 20. exd5 Nxe2+ 21. Qxe2 Rc3 22. Rd1 Rfc8 23. Rac1 Qc5 24. Rd2 Rxb3 25. Qg4 Rb4 26. Qg3 Rxa4 27. h4 h5 28. Qg5 g6 29. Rb1 b5 30. Rb3 Rg4 31. Qe7 Qc7 32. Qf6 Rf4 33. Qg5 Kg7 34. Rg3 Qc4 35.
Qxh5 Rxh4 36. Qg5 Rch8 0-1

[Event "*** SCC Grand Prix: Titled Tuesday Blitz"]
[Site "Chess.com"]
[Date "2020.10.06"]
[Round "1"]
[White "Loy_Konstantin"]
[Black "Kira170"]
[Result "0-1"]
[WhiteElo "2399"]
[BlackElo "2780"]
[TimeControl "180+1"]
[EndTime "10:05:55 PDT"]
[Termination "Kira170 won on time"]

1. e4 e6 2. d3 d5 3. Nd2 Nc6 4.
Ngf3 Nf6 5. c3 Be7 6. b4 O-O 7.
b5 Nb8 8. e5 Nfd7 9. d4 a6 10.
bxa6 b6 11. Be2 Bxa6 12. O-O c5 13. Re1 Nc6 14. Nb3 Qc7 15. Bg5 h6 16. Bxe7 Nxe7 17. a4 Bxe2 18. Qxe2 c4 19. Nbd2 Ra5 20. Nf1 Rfa8 21.
Nh4 Rxa4 22. Rxa4 Rxa4 23. Ng3 Nf8 24. Qg4 Qa7 25. Nh5 Neg6 26. Nxg6 fxg6 27. Nf4 Ra1 28. Qe2 Qa3 29. Qd2 b5 30. h4 b4 31. cxb4 c3 32.
Qe2 c2 33. Nd3 Qxd3 0-1

[Event "*** SCC Grand Prix: Titled Tuesday Blitz"]
[Site "Chess.com"]
[Date "2020.10.06"]
[Round "1"]
[White "Gahan-MG"]
[Black "icychess54"]
[Result "1-0"]
[WhiteElo "2571"]
[BlackElo "2255"]
[TimeControl "180+1"]
[EndTime "10:05:56 PDT"]
[Termination "Gahan-MG won by checkmate"]

1. e4 c5 2. c3 Nf6 3. e5 Nd5 4. d4 cxd4 5. cxd4 Nc6 6. Nf3 d6 7. Bc4 Nb6 8. Bb5 a6 9. Bxc6+ bxc6 10. O-O g6 11. Re1 Bg7 12. Bg5 Be6 13. Nc3 O-O 14.
Rc1 Qd7 15. h4 Nd5 16. h5 Nxc3 17. Rxc3 h6 18. Bc1 g5 19. Qa4 Bd5 20. Nh2 Qf5 21.
Nf1 dxe5 22. dxe5 Bxe5 23. Ne3 Qf4 24. Qxf4 Bxf4 25. Nxd5 Bxc1 26. Nxe7+ Kg7 27. Rexc1 Rfe8 28. Nf5+ Kf6 29. Nxh6 Re4 30. Rxc6+ Ke5 31. Nxf7+ Kd4 32.
R6c4+ Kd3 33. R1c3+ Kd2 34. Rxe4 g4 35. Rd4+ Ke1 36.
Re3# 1-0

[Event "*** SCC Grand Prix: Titled Tuesday Blitz"]
[Site "Chess.com"]
[Date "2020.10.06"]
[Round "1"]
[White "FMJoseHerrera"]
[Black "AndreyNeves"]
[Result "1-0"]
[WhiteElo "2556"]
[BlackElo "2223"]
[TimeControl "180+1"]
[EndTime "10:05:57 PDT"]
[Termination "FMJoseHerrera won by resignation"]

1. Nf3 d5 2. g3 Nf6 3. Bg2 g6 4. d3 Bg7 5. Nc3 O-O 6. h4 h5 7. Bg5 c6 8. Qd2 Bf5 9. O-O Qd7 10. Rfe1 Bh3 11. Bh1 Qd8 12. Bh6 Nbd7 13. Bxg7 Kxg7 14. Ng5 Bg4 15. f3 Be6 16. Nxe6+ fxe6 17. e4 d4 18. Ne2 e5 19. Bg2 Qb6 20. b3 c5 21. Kh2 a5 22. a4 Rae8 23. Ng1 Qb4 24. Qc1 Nh7 25. Nh3 b5 26. axb5 Qxb5 27. Ng5 Nxg5 28. Qxg5 Qb6 29. Bh3 e6 30. Bg2 Ra8 31. Ra4 Qd8 32. Qd2 Qb6 33.
Rea1 Nb8 34. Rxa5 Rxa5 35. Qxa5 Qxa5 36. Rxa5 Rc8 37. Bh3 Kf6 38. Kg2 Nd7 39. Ra6 Nf8 40.
Kf2 g5 41. hxg5+ Kxg5 42. Bxe6 Nxe6 43. Rxe6 h4 44. Rxe5+ Kf6 45. Rf5+ Kg6 46. gxh4 Rh8 47. Kg3 Rc8 48. Kg4 c4 49. dxc4 1-0

[Event "*** SCC Grand Prix: Titled Tuesday Blitz"]
[Site "Chess.com"]
[Date "2020.10.06"]
[Round "1"]
[White "Brave_spirit12"]
[Black "ailime26"]
[Result "1-0"]
[WhiteElo "2476"]
[BlackElo "1843"]
[TimeControl "180+1"]
[EndTime "10:05:57 PDT"]
[Termination "Brave_spirit12 won by checkmate"]

1. e4 c5 2. c3 Nc6 3. d4 cxd4 4. cxd4 e6 5. d5 Bb4+ 6. Nc3 exd5 7. exd5 Ne5 8. Be2 Nf6 9. Nf3 Nxf3+ 10. Bxf3 Qe7+ 11. Be3 O-O 12. O-O d6 13. Re1 Qc7 14. Rc1 Bf5 15. Bd4 Qd8 16. Qd2 a6 17. Qf4 Bg6 18. Bxf6 Qxf6 19.
Qxb4 b5 20. Ne4 Bxe4 21. Bxe4 a5 22. Qxb5 Rfb8 23. Qc6 g6 24. Bf3 a4 25. h3 h5 26. b3 axb3 27. axb3 Ra2 28. Re8+ Rxe8 29. Qxe8+ Kg7 30. Rc8 Ra1+ 31. Kh2 Qf4+ 32. g3 Qxf3 33.
Qh8# 1-0

[Event "*** SCC Grand Prix: Titled Tuesday Blitz"]
[Site "Chess.com"]
[Date "2020.10.06"]
[Round "1"]
[White "markberk"]
[Black "abhidabhi"]
[Result "0-1"]
[WhiteElo "2399"]
[BlackElo "2771"]
[TimeControl "180+1"]
[EndTime "10:05:59 PDT"]
[Termination "abhidabhi won on time"]

1. Nf3 Nf6 2. g3 g6 3. Bg2 Bg7 4. O-O O-O 5. d4 d5 6. c4 dxc4 7. Na3 c3 8. bxc3 c5 9. Nc4 Nc6 10. Nfe5 Nd5 11. Nxc6 bxc6 12. Bd2 cxd4 13. cxd4 Bxd4 14.
Rc1 Ba6 15. Bh6 Nc3 16. Qd3 Bg7 17. Bxg7 Qxd3 18. exd3 Ne2+ 19. Kh1 Nxc1 20. Bxf8 Nxd3 21. Bxe7 Bxc4 22. Bxc6 Rc8 23. Bg2 Re8 24. Bf6 Ne1 0-1

[Event "*** SCC Grand Prix: Titled Tuesday Blitz"]
[Site "Chess.com"]
[Date "2020.10.06"]
[Round "1"]
[White "WeAintSurePal"]
[Black "topotun"]
[Result "0-1"]
[WhiteElo "2378"]
[BlackElo "2732"]
[TimeControl "180+1"]
[EndTime "10:06:00 PDT"]
[Termination "topotun won by resignation"]

1. d4 Nf6 2. Nf3 c5 3. c3 Qb6 4.
Nbd2 cxd4 5. cxd4 d5 6. e3 Nc6 7. Bd3 Bg4 8. a3 e6 9. O-O Be7 10. b4 O-O 11. Bb2 Rac8 12. Rb1 Bh5 13. Qb3 Bg6 14.
Bxg6 hxg6 15. Rfc1 Rc7 16. Qd1 a5 17. bxa5 Qxa5 18.
Nb3 Qa7 19. Nc5 Rfc8 20. Nd3 Ne4 21. Nfe5 Nxe5 22. dxe5 Qa6 23. Nb4 Bxb4 24. axb4 Rxc1 25. Rxc1 Rxc1 26. Bxc1 Nc3 27. Qc2 Ne2+ 28. Kh1 Qa1 0-1

[Event "*** SCC Grand Prix: Titled Tuesday Blitz"]
[Site "Chess.com"]
[Date "2020.10.06"]
[Round "1"]
[White "Jabberwockiez"]
[Black "Keithonsky"]
[Result "0-1"]
[WhiteElo "2224"]
[BlackElo "2556"]
[TimeControl "180+1"]
[EndTime "10:06:00 PDT"]
[Termination "Keithonsky won by resignation"]

1. e4 c5 2. Nc3 a6 3. Nf3 e6 4. d4 cxd4 5. Nxd4 Qc7 6. Bd3 Nf6 7. O-O d6 8. f4 Be7 9. Nf3 Nbd7 10. e5 dxe5 11.
fxe5 Nxe5 12. Nxe5 Qxe5 13. Bf4 Qa5 14. Ne4 O-O 15.
Nxf6+ Bxf6 16. Qg4 e5 17. Bxh7+ Kxh7 18. Qh5+ Kg8 19.
Bh6 Qb6+ 20. Kh1 gxh6 21. Qxh6 Bd8 22. Qh5 Qg6 23. Qxe5 Qg5 24. Qe4 Bc7 25. Rf3 Be6 26. Raf1 Bd5 27. Rf5 Bxe4 28. Rxg5+ Kh8 29. Rf6 Bh7 30.
Rh5 Rad8 31. g3 Kg7 32. Rfh6 Be4+ 33. Kg1 Bb6+ 34. Kf1 Bg6 35. Rh4 Rfe8 36. Rxg6+ fxg6 0-1

[Event "*** SCC Grand Prix: Titled Tuesday Blitz"]
[Site "Chess.com"]
[Date "2020.10.06"]
[Round "1"]
[White "salomez"]
[Black "m_ezat"]
[Result "0-1"]
[WhiteElo "2208"]
[BlackElo "2540"]
[TimeControl "180+1"]
[EndTime "10:06:00 PDT"]
[Termination "m_ezat won on time"]

1. d4 Nf6 2. Bf4 g6 3. Nc3 d5 4. Nf3 Bg7 5. Qd2 O-O 6. Bh6 Ne4 7. Qe3 Nxc3 8. Bxg7 Kxg7 9. Qxc3 Nd7 10. h4 Nf6 11. h5 Nxh5 12. O-O-O Nf6 13. Ne5 c6 14. f3 Qb6 15.
Qd2 h5 16. g4 Rh8 17. Bg2 Be6 18. g5 Nd7 19. Qf4 Nxe5 20. Qxe5+ Kh7 21. f4 Rac8 22.
f5 Bxf5 23. Qxe7 Qc7 24. Qf6 Kg8 25. Rdf1 Rh7 26. Rxf5 gxf5 27. Bh3 Qf4+ 28. Kb1 Qe4 0-1

[Event "*** SCC Grand Prix: Titled Tuesday Blitz"]
[Site "Chess.com"]
[Date "2020.10.06"]
[Round "1"]
[White "DonBroca"]
[Black "DamianoLew95"]
[Result "0-1"]
[WhiteElo "2198"]
[BlackElo "2536"]
[TimeControl "180+1"]
[EndTime "10:06:00 PDT"]
[Termination "DamianoLew95 won by resignation"]

1. e4 c5 2. Nf3 Nf6 3. Nc3 Nc6 4.
Be2 d5 5. exd5 Nxd5 6. O-O g6 7. d4 Nxc3 8. bxc3 Bg7 9. Bb2 O-O 10.
Rb1 b6 11. a3 Bg4 12. h3 Bxf3 13. Bxf3 Rc8 14. d5 Ne5 15. Be4 Qd6 16. f4 Nd7 17. Qd2 Nf6 18. Rfe1 c4 19. Bf3 Rfd8 20. Rbd1 Rc5 21. a4 Ra5 22. Ra1 Nxd5 23. Bxd5 Rxd5 24. Qe3 e6 25. Ba3 Qc6 26. a5 Rd2 27. Re2 Rxe2 28. Qxe2 Bxc3 29. Rd1 Rxd1+ 30. Qxd1 Qd5 31. Qxd5 exd5 32.
axb6 axb6 33. Kf2 b5 34. Bc5 b4 35. Ke3 f5 36. g4 Kf7 37. g5 Ke6 38. h4 Kd7 39. h5 Kc6 40. hxg6 hxg6 41. Be7 Kb5 42. Bf6 Kc5 43. Be7+ Kc6 44. Bf6 d4+ 45. Bxd4 Bxd4+ 46. Kxd4 b3 47. cxb3 cxb3 48. Kc3 Kd5 49. Kxb3 Ke4 50. Kc3 Kxf4 51. Kd4 Kxg5 0-1

[Event "*** SCC Grand Prix: Titled Tuesday Blitz"]
[Site "Chess.com"]
[Date "2020.10.06"]
[Round "1"]
[White "MashaFromRussia"]
[Black "youngKID"]
[Result "0-1"]
[WhiteElo "2408"]
[BlackElo "2801"]
[TimeControl "180+1"]
[EndTime "10:06:02 PDT"]
[Termination "youngKID won by resignation"]

1. d4 Nf6 2. c4 Nc6 3. Nf3 e6 4. g3 Bb4+ 5. Bd2 Qe7 6. Bg2 Bxd2+ 7. Qxd2 Ne4 8. Qc2 Qb4+ 9. Kf1 d5 10. cxd5 exd5 11.
e3 Bf5 12. Qb3 O-O-O 13. Qxb4 Nxb4 14. Nbd2 Nxd2+ 15. Nxd2 Bd3+ 16. Kg1 a5 17. Bf1 Rhe8 18. Bxd3 Nxd3 19. b3 Rd6 20. Kg2 Rc6 21. Nf3 Rc2 22. Rhf1 Rxe3 23. Ne1 Nxe1+ 24. Rfxe1 Re6 25. Kf3 Rf6+ 26.
Kg4 Rfxf2 27. Re8+ Kd7 28. Rae1 Rxa2 29. h4 h6 30. Rg8 g6 31. Ree8 f5+ 0-1

[Event "*** SCC Grand Prix: Titled Tuesday Blitz"]
[Site "Chess.com"]
[Date "2020.10.06"]
[Round "1"]
[White "davigator"]
[Black "Revnov"]
[Result "0-1"]
[WhiteElo "2363"]
[BlackElo "2694"]
[TimeControl "180+1"]
[EndTime "10:06:02 PDT"]
[Termination "Revnov won by resignation"]

1. e4 c5 2. Nf3 d6 3. d4 cxd4 4. Nxd4 Nf6 5. Nc3 a6 6. Bg5 Nfd7 7. Bh4 Nc6 8. Nb3 g6 9. f4 Bg7 10. Bd3 b5 11. Qe2 Bb7 12. O-O-O Bxc3 13. bxc3 Qc7 14.
Rhe1 Rc8 15. Kb1 O-O 16. Rf1 Rfe8 17. g4 Na5 18. Be1 Nc4 19. h4 Nc5 20. Bxc4 bxc4 21. Qxc4 Nxe4 22. Qxc7 Rxc7 23. Kb2 Rec8 24. Rd3 f5 25. h5 fxg4 26. hxg6 hxg6 27. Rg1 Nf6 28. Nd4 Kf7 29. f5 gxf5 30. Nxf5 Be4 31. Nxd6+ exd6 32. Rxd6 Rc6 33. Rd4 Bf3 34. Rf1 Rb8+ 35. Kc1 Re8 36. Rf4 Kg6 37. Bh4 Re2 38. Rg1 Kf7 39. c4 Re4 40. Rgxg4 Bxg4 0-1

[Event "*** SCC Grand Prix: Titled Tuesday Blitz"]
[Site "Chess.com"]
[Date "2020.10.06"]
[Round "1"]
[White "Grieve72"]
[Black "Sibelephant"]
[Result "0-1"]
[WhiteElo "2473"]
[BlackElo "3102"]
[TimeControl "180+1"]
[EndTime "10:06:03 PDT"]
[Termination "Sibelephant won by resignation"]

1. e4 c5 2. Nf3 a6 3. c4 Nc6 4.
d4 cxd4 5. Nxd4 e5 6. Nf5 d6 7.
Nc3 g6 8. Ne3 Bh6 9. Be2 Nge7 10. O-O O-O 11. Qd3 Nd4 12. Ncd5 Nxd5 13. exd5 Bg7 14.
Qd2 b5 15. b3 f5 16. Nc2 Nxe2+ 17. Qxe2 bxc4 18. bxc4 f4 19. Nb4 f3 20. gxf3 Bh3 21. Re1 e4 22. Rb1 Bc3 23. Bd2 Qh4 24. fxe4 Bxd2 25.
Qxd2 Qg4+ 0-1

[Event "*** SCC Grand Prix: Titled Tuesday Blitz"]
[Site "Chess.com"]
[Date "2020.10.06"]
[Round "1"]
[White "rpragchess"]
[Black "KarstenHansch"]
[Result "1-0"]
[WhiteElo "2924"]
[BlackElo "2461"]
[TimeControl "180+1"]
[EndTime "10:06:03 PDT"]
[Termination "rpragchess won by resignation"]

1. Nf3 d5 2. g3 Nf6 3. Bg2 e6 4. O-O c5 5. d3 Nc6 6. Nbd2 Be7 7.
e4 O-O 8. Re1 Qc7 9. Nf1 b5 10. e5 Nd7 11. Bf4 b4 12. h4 a5 13.
h5 a4 14. h6 g6 15. a3 bxa3 16. bxa3 Ba6 17. Ne3 Nd4 18. Nxd4 cxd4 19. Nxd5 exd5 20. e6 Bd6 21. Bxd6 Qxd6 22. exd7 Qxd7 23. Qf3 Qc6 24. Qf4 f6 25. Qxd4 Rad8 26. c4 dxc4 27. Qxd8 Qxg2+ 28. Kxg2 Rxd8 29. dxc4 Bxc4 30. Re7 Bd5+ 31. f3 g5 32. g4 Bf7 33. Rc1 Kf8 34. Ra7 Rd2+ 35. Kg3 Rd3 36.
Rc8+ Be8 37. Rxh7 1-0

[Event "*** SCC Grand Prix: Titled Tuesday Blitz"]
[Site "Chess.com"]
[Date "2020.10.06"]
[Round "1"]
[White "Nara_Kh"]
[Black "MiroVlasenko"]
[Result "0-1"]
[WhiteElo "2403"]
[BlackElo "2792"]
[TimeControl "180+1"]
[EndTime "10:06:03 PDT"]
[Termination "MiroVlasenko won by resignation"]

1. e4 Nc6 2. Nf3 d6 3. h3 Nf6 4. Nc3 g6 5. d4 Bg7 6. Be3 O-O 7. Qd2 a6 8. O-O-O b5 9. Bd3 Nb4 10. Kb1 Bb7 11. Bh6 Nxd3 12. cxd3 c5 13. Bxg7 Kxg7 14. h4 h5 15. dxc5 dxc5 16. e5 Nd5 17. Ne4 Rc8 18. Rdg1 Nb4 19. Rd1 Qxd3+ 20. Qxd3 Nxd3 21. Nfg5 Nxe5 22. f4 Ng4 23. Rd7 Bxe4+ 24. Nxe4 Nf6 25. Rxe7 Nxe4 26.
Rxe4 Rfe8 27. Rhe1 Kf8 28. Re5 f6 29. Re6 Kf7 30.
Rxe8 Rxe8 31. Rd1 Re4 32. g3 Re3 33. Rd6 Rxg3 34. Rxa6 Rg4 35. Rc6 Rxh4 36. Rxc5 Rxf4 37. Rxb5 h4 38. Rb7+ Kg8 39. Rb3 g5 40. Re3 g4 41.
a3 h3 42. b4 h2 43. Re1 g3 44. b5 g2 45. b6 g1=Q 0-1

[Event "*** SCC Grand Prix: Titled Tuesday Blitz"]
[Site "Chess.com"]
[Date "2020.10.06"]
[Round "1"]
[White "Jumbo"]
[Black "Aleksandar-Topalov"]
[Result "1-0"]
[WhiteElo "2716"]
[BlackElo "2373"]
[TimeControl "180+1"]
[EndTime "10:06:03 PDT"]
[Termination "Jumbo won by resignation"]

1. d4 Nf6 2. c4 c5 3. d5 d6 4.
Nc3 g6 5. e4 Bg7 6. Bd3 O-O 7.
Nge2 e6 8. O-O exd5 9. cxd5 b6 10.
h3 Ba6 11. Bxa6 Nxa6 12. f4 Re8 13. Ng3 b5 14. Qf3 b4 15. Nd1 Nc7 16. Ne3 Nb5 17. Nc4 Nd4 18. Qd3 Qe7 19. e5 dxe5 20. d6 Qe6 21. fxe5 Nd7 22. Bf4 Nxe5 23. Bxe5 Bxe5 24. Rae1 Qd5 25. Ne4 Re6 26. Nxe5 Qxe5 27. Nf6+ Qxf6 28. Rxf6 Rxf6 29. d7 Kf8 30. Qe4 1-0

[Event "*** SCC Grand Prix: Titled Tuesday Blitz"]
[Site "Chess.com"]
[Date "2020.10.06"]
[Round "1"]
[White "frederiksvane"]
[Black "Chuchofrio1"]
[Result "1-0"]
[WhiteElo "2659"]
[BlackElo "2341"]
[TimeControl "180+1"]
[EndTime "10:06:03 PDT"]
[Termination "frederiksvane won by checkmate"]

1. e4 e5 2. Nf3 Nc6 3. Bb5 a6 4. Ba4 Nf6 5. O-O Be7 6. d3 b5 7. Bb3 O-O 8. Nc3 d6 9. a3 Na5 10. Ba2 c5 11. b4 Nc6 12. Nd5 Be6 13. Nxf6+ Bxf6 14. Bxe6 fxe6 15. bxc5 dxc5 16. Be3 Nd4 17. Bxd4 exd4 18. Nd2 e5 19. g3 Bg5 20. Kg2 Qf6 21.
Nf3 Bh6 22. h4 Rf7 23. Nh2 g5 24. Ng4 Qg7 25. hxg5 Bxg5 26. Rh1 h6 27. Qe2 Raf8 28. Rh5 Rf3 29. Rah1 R3f6 30. Nxf6+ Qxf6 31. Rf1 Kg7 32. Qg4 Kh7 33. f3 c4 34. Rfh1 Kg7 35. Rf1 cxd3 36.
cxd3 Qc6 37. f4 Qc2+ 38. Rf2 Qxd3 39. fxg5 Rxf2+ 40. Kxf2 Qe3+ 41. Kg2 d3 42. gxh6+ Kf7 43. Qg7+ Ke6 44. Rxe5+ Kd6 45. Qe7+ Kc6 46. Re6# 1-0

[Event "*** SCC Grand Prix: Titled Tuesday Blitz"]
[Site "Chess.com"]
[Date "2020.10.06"]
[Round "1"]
[White "RusPakhom"]
[Black "Kildepiotr"]
[Result "0-1"]
[WhiteElo "2287"]
[BlackElo "2599"]
[TimeControl "180+1"]
[EndTime "10:06:04 PDT"]
[Termination "Kildepiotr won by resignation"]

1. e4 g6 2. d4 Bg7 3. Nf3 c6 4. Nc3 d6 5. a4 Bg4 6. Be3 Nd7 7. h3 Bxf3 8. Qxf3 e5 9. dxe5 dxe5 10. Bc4 Ngf6 11.
O-O O-O 12. a5 Qc7 13. Rfd1 b5 14. axb6 axb6 15. g4 b5 16. Bb3 Rxa1 17. Rxa1 Nb6 18. Bc5 Ra8 19. Rxa8+ Nxa8 20. g5 Nh5 21. Ne2 Nf4 22.
Nxf4 exf4 23. c3 Qe5 24. Ba7 Qxg5+ 25. Kf1 Be5 26. Qd3 Qe7 27. Bd4 Bxd4 28. Qxd4 Nc7 29. Qb6 Qd7 30. Qc5 Qxh3+ 31. Ke1 Qh1+ 32. Kd2 Qxe4 33.
Qd6 Ne6 34. Qe7 Kg7 35. Kc1 Qe1+ 36. Kc2 Nd4+ 0-1

[Event "*** SCC Grand Prix: Titled Tuesday Blitz"]
[Site "Chess.com"]
[Date "2020.10.06"]
[Round "1"]
[White "WIDBIFS"]
[Black "chessfrendz"]
[Result "1-0"]
[WhiteElo "2735"]
[BlackElo "2381"]
[TimeControl "180+1"]
[EndTime "10:06:05 PDT"]
[Termination "WIDBIFS won by checkmate"]

1. d4 d5 2. Nf3 e6 3. Bf4 Nf6 4. e3 Bd6 5. Bg3 O-O 6. Nbd2 b6 7. c3 Ba6 8. Bxa6 Nxa6 9. Ne5 c5 10.
O-O Nc7 11. f4 Ne4 12. Nxe4 dxe4 13. f5 f6 14. fxe6 fxe5 15. Qb3 Be7 16. Bxe5 Kh8 17.
Rxf8+ Bxf8 18. Rf1 Bd6 19. e7 Bxe7 20. Rf7 Ne8 21.
Qe6 Bd6 22. Qg4 Bxe5 23. Rf8# 1-0

[Event "*** SCC Grand Prix: Titled Tuesday Blitz"]
[Site "Chess.com"]
[Date "2020.10.06"]
[Round "1"]
[White "Fy_Rakotomaharo"]
[Black "andrzej"]
[Result "1-0"]
[WhiteElo "2625"]
[BlackElo "2310"]
[TimeControl "180+1"]
[EndTime "10:06:05 PDT"]
[Termination "Fy_Rakotomaharo won by checkmate"]

1. e4 c5 2. Nf3 e6 3. d4 cxd4 4. Nxd4 Nf6 5. Nc3 d6 6. g4 h6 7. Bg2 Nfd7 8. Be3 Nc6 9. Qe2 a6 10. O-O-O Qc7 11. h4 Nce5 12. g5 Nc4 13. g6 Nde5 14.
gxf7+ Qxf7 15. f4 Nxe3 16. Qxe3 Nc4 17. Qg3 Bd7 18. f5 e5 19. Ne6 Bxe6 20. fxe6 Qf4+ 21. Qxf4 exf4 22. Nd5 Rc8 23. Bh3 Be7 24. Nxf4 O-O 25. Nd5 Rfe8 26. Bf5 Bf6 27. Nxf6+ gxf6 28. Rhg1+ Kf8 29.
Rg6 Ne3 30. Rxf6+ Kg7 31. Rf7+ Kh8 32. Rh7+ Kg8 33. Rg1+ Kf8 34. Rf7# 1-0

[Event "*** SCC Grand Prix: Titled Tuesday Blitz"]
[Site "Chess.com"]
[Date "2020.10.06"]
[Round "1"]
[White "Oleksandr_Bortnyk"]
[Black "PhileKhoob"]
[Result "1-0"]
[WhiteElo "2895"]
[BlackElo "2452"]
[TimeControl "180+1"]
[EndTime "10:06:06 PDT"]
[Termination "Oleksandr_Bortnyk won by resignation"]

1. e4 c5 2. c3 d5 3. exd5 Qxd5 4.
d4 Nf6 5. Nf3 Bg4 6. dxc5 Qxc5 7.
Be3 Qc7 8. h3 Bh5 9. Na3 a6 10.
Qa4+ Nc6 11. g4 Bg6 12. Bg2 e6 13. Ne5 Rc8 14. Nxc6 bxc6 15. Qxa6 Be7 16. Qe2 O-O 17. O-O Bxa3 18. bxa3 Nd5 19. Bd4 Qa5 20. Qe5 f6 21. Qxe6+ Bf7 22. Qd6 Nxc3 23. Qc5 Ne2+ 24. Kh1 Qa4 25. Be3 Nf4 26. Qb4 Qxb4 27. axb4 Nxg2 28. Kxg2 Bd5+ 29. Kg3 Ra8 30. a4 Bb3 31. a5 Bc4 32.
Rfe1 Bb5 33. Bc5 Rf7 34. a6 Rd7 35. a7 Kf7 36. Ra3 h6 37. Rae3 Raxa7 38. Bxa7 Rxa7 39. f4 Rd7 40. f5 Ra7 41. Kh4 Rb7 42. Rd1 Ra7 43. Rd8 Re7 44. Rxe7+ Kxe7 45. Rc8 Kf7 46. Rc7+ Kg8 47. Kh5 Kh7 48. Kh4 Kg8 49. Kg3 Kf8 50. Kf4 1-0

[Event "*** SCC Grand Prix: Titled Tuesday Blitz"]
[Site "Chess.com"]
[Date "2020.10.06"]
[Round "1"]
[White "rududuyk"]
[Black "lukas_111111"]
[Result "0-1"]
[WhiteElo "2139"]
[BlackElo "2514"]
[TimeControl "180+1"]
[EndTime "10:06:06 PDT"]
[Termination "lukas_111111 won by resignation"]

1. e4 e5 2. Nf3 Nc6 3. Nc3 Nf6 4.
d4 exd4 5. Nd5 Nb4 6. Nxf6+ Qxf6 7. Bc4 Bc5 8. O-O d6 9. h3 O-O 10. Bd2 Nc6 11. c3 Be6 12. Bd3 Rad8 13. Bg5 Qg6 14. Bxd8 Rxd8 15. cxd4 Nxd4 16. Nxd4 Bxd4 17. e5 Qg5 18.
Bxh7+ Kxh7 19. Qxd4 dxe5 20. Qe3 Qxe3 21. fxe3 Rd3 22.
Rac1 c6 23. Rc3 Rd2 24. Rf2 Rd1+ 25. Kh2 a5 26. a3 a4 27. Rc5 f6 28. Ra5 Bb3 29.
Ra7 Rd7 30. g4 Kg6 31. h4 c5 32. Kg3 Rd3 33. h5+ Kh6 34. Kf3 Bd5+ 35. Ke2 Rb3 36. Kd1 Bc6 37. Rc2 Rxe3 38. Rxc5 Re4 39. Rc3 Rxg4 40. b3 axb3 41. Rxb3 Ba4 42. Rxa4 Rxa4 43.
Rxb7 Rxa3 0-1

[Event "*** SCC Grand Prix: Titled Tuesday Blitz"]
[Site "Chess.com"]
[Date "2020.10.06"]
[Round "1"]
[White "DrMamaliga"]
[Black "Roman_Ovetchkin"]
[Result "1/2-1/2"]
[WhiteElo "2330"]
[BlackElo "2629"]
[TimeControl "180+1"]
[EndTime "10:06:07 PDT"]
[Termination "Game drawn by agreement"]

1. c4 e5 2. Nc3 Bb4 3. Qb3 Bxc3 4. Qxc3 Nc6 5. Nf3 Qe7 6. e3 Nf6 7. b3 d5 8. d4 exd4 9. Nxd4 Nxd4 10. Qxd4 c5 11.
Qf4 O-O 12. Bb2 d4 13. Be2 Re8 14. O-O dxe3 15. fxe3 Qxe3+ 16. Qxe3 Rxe3 17. Bf3 Re7 18. Rfe1 Be6 19. Rad1 Rc8 20. Bxf6 gxf6 21. Rd2 a6 22. Rd6 b5 23. Rxa6 bxc4 24. bxc4 Rd7 25. Bd5 Bxd5 26. cxd5 Rxd5 27. Rxf6 c4 28. Rc1 c3 29.
Rf2 Rdc5 30. Rfc2 Kg7 31. a4 Kg6 32. a5 Rxa5 33. Rxc3 Rxc3 34. Rxc3 Ra2 1/2-1/2

[Event "*** SCC Grand Prix: Titled Tuesday Blitz"]
[Site "Chess.com"]
[Date "2020.10.06"]
[Round "1"]
[White "AndrewMaco"]
[Black "Satscho"]
[Result "1-0"]
[WhiteElo "2632"]
[BlackElo "2314"]
[TimeControl "180+1"]
[EndTime "10:06:07 PDT"]
[Termination "AndrewMaco won by checkmate"]

1. e4 g6 2. d4 Bg7 3. c3 d6 4.
Nf3 Nf6 5. Bd3 O-O 6. O-O Nc6 7. Re1 e5 8. h3 h6 9. Be3 g5 10. Nbd2 Qe7 11. Nf1 Nd8 12. Ng3 Bd7 13. b4 Re8 14. Qc2 g4 15. hxg4 Bxg4 16. Nh4 Nh5 17. Ngf5 Bxf5 18.
Nxf5 Qf6 19. d5 Nf4 20. Bf1 c6 21. g3 Ng6 22. c4 Ne7 23. Bh3 Nxf5 24. Bxf5 h5 25.
Qd2 Qe7 26. Kg2 Bf6 27. Rh1 h4 28. Rag1 hxg3 29. Kf1 Bg5 30. Rxg3 f6 31. Rh7 Nf7 32. Bg6 Rf8 33. Qe2 cxd5 34. cxd5 Rac8 35. Qh5 Bxe3 36.
Bxf7# 1-0

[Event "*** SCC Grand Prix: Titled Tuesday Blitz"]
[Site "Chess.com"]
[Date "2020.10.06"]
[Round "1"]
[White "PawnEatingZombie"]
[Black "remi04"]
[Result "0-1"]
[WhiteElo "2200"]
[BlackElo "2536"]
[TimeControl "180+1"]
[EndTime "10:06:08 PDT"]
[Termination "remi04 won by resignation"]

1. d4 Nf6 2. c4 e6 3. Nc3 d5 4.
cxd5 Nxd5 5. e4 Nxc3 6. bxc3 c5 7. a3 cxd4 8. cxd4 e5 9. Nf3 exd4 10. Qxd4 Nc6 11. Qxd8+ Nxd8 12. Bb5+ Bd7 13. Bxd7+ Kxd7 14. Bf4 Ne6 15. Be3 Bc5 16. Ke2 Rac8 17. Rhd1+ Ke7 18. a4 Bxe3 19. Kxe3 Rc3+ 20. Ke2 Nf4+ 21. Kf1 Rhc8 22.
Nd4 g6 23. g3 Ne6 24. Nxe6 Kxe6 25. Rdb1 R8c7 26. Rb4 Rc2 27. Rab1 b6 28. R1b2 Rxb2 29. Rxb2 Rc4 30. a5 bxa5 31. Ra2 a4 32. f3 Ke5 33.
Ke2 Kd4 34. h4 Kc3 35. Rd2 a3 0-1